[ AOE2 MATCH · #506718704 ]
UnrankedPersians vs Britons
Player's team · WIN
Rival team · LOSS
[ REPLAY ANALYSIS · EXTRACTED FROM THE RECORDED GAME ]
Feudal
19:16
Castle
—
Imperial
—
| APM avg | 32.5 |
| APM peak | 55 |
| eAPM avg | 17.0 |
| Villagers / military | 51 / 20 |
Focus
⚔️ 34.1% · 🌾 65.9%
Scout Cavalry ×20
Feudal
9:31
Castle
—
Imperial
—
| APM avg | 32.4 |
| APM peak | 71 |
| eAPM avg | 12.7 |
| Villagers / military | 55 / 13 |
Focus
⚔️ 16.4% · 🌾 83.6%
Archer ×10 · Spearman ×3
Match map
Initial resources + every placement click. Lines = walls · curves = elevation contours. ◆ gold · ⬟ stone · ● berries · ✦ relic · ◌ wall gap
Your base· Open — 8t gap
yoselibero's base· Open — 4t gap
Smoothed initial terrain · ◌ = detected wall gap · hover for details
Inputs per minute
— Sir_Malmsteen - - yoselibero
Build order — Sir_Malmsteen
139 actions detected in the replay
| 0:01 | Queue | Villager (Male) |
| 0:01 | Queue | Villager (Male) |
| 0:03 | Build | House |
| 0:04 | Build | House |
| 0:13 | Queue | Villager (Male) |
| 0:18 | Queue | Villager (Male) |
| 0:37 | Queue | Villager (Male) |
| 1:51 | Queue | Villager (Male) |
| 1:59 | Queue | Villager (Male) |
| 2:14 | Build | Lumber Camp |
| 2:31 | Queue | Villager (Male) |
| 2:51 | Queue | Villager (Male) |
| 3:00 | Queue | Villager (Male) |
| 3:21 | Build | House |
| 3:29 | Queue | Villager (Male) |
| 3:58 | Build | House |
| 4:30 | Queue | Villager (Male) |
| 4:31 | Queue | Villager (Male) |
| 5:16 | Queue | Villager (Male) |
| 5:17 | Research | Loom |
| 5:27 | Queue | Villager (Male) |
| 5:31 | Research | Loom |
| 5:36 | Queue | Villager (Male) |
| 5:48 | Queue | Villager (Male) |
| 6:06 | Research | Loom |
| 6:19 | Queue | Villager (Male) |
| 7:04 | Build | Town Center |
| 7:20 | Build | Town Center |
| 7:34 | Build | Palisade Gate |
| 7:36 | Build | Palisade Wall |
| 7:37 | Build | Palisade Wall |
| 7:38 | Build | Palisade Wall |
| 7:38 | Build | Palisade Wall |
| 8:27 | Queue | Villager (Male) |
| 8:43 | Build | Palisade Wall |
| 9:24 | Build | House |
| 11:09 | Queue | Villager (Male) |
| 11:40 | Build | Palisade Wall |
| 11:43 | Build | Palisade Wall |
| 11:59 | Queue | Villager (Male) |
| 12:41 | Build | House |
| 12:50 | Build | Palisade Wall |
| 13:06 | Queue | Villager (Male) |
| 13:25 | Build | House |
| 13:44 | Queue | Villager (Male) |
| 13:52 | Build | Mill |
| 14:00 | Build | Palisade Wall |
| 14:03 | Build | Palisade Wall |
| 14:04 | Build | Palisade Wall |
| 14:14 | Build | Palisade Gate |
| 14:42 | Queue | Villager (Male) |
| 14:42 | Queue | Villager (Male) |
| 15:27 | Queue | Villager (Male) |
| 15:36 | Queue | Villager (Male) |
| 15:52 | Build | Mining Camp |
| 16:12 | Build | House |
| 16:40 | Queue | Villager (Male) |
| 16:50 | Build | House |
| 16:59 | Build | House |
| 17:12 | Research | Feudal Age |
| 18:07 | Build | Barracks |
| 18:21 | Build | House |
| 18:26 | Queue | Villager (Male) |
| 19:05 | Build | Mill |
| 19:16 | Age | Feudal Age |
| 19:18 | Queue | Villager (Male) |
| 19:21 | Research | Double-Bit Axe |
| 19:23 | Research | Horse Collar |
| 19:48 | Queue | Villager (Male) |
| 20:01 | Queue | Villager (Male) |
| 20:18 | Build | Mining Camp |
| 20:39 | Build | Stable |
| 20:59 | Queue | Villager (Male) |
| 21:00 | Build | Farm |
| 21:04 | Build | Farm |
| 21:10 | Queue | Villager (Male) |
| 21:27 | Build | Farm |
| 21:36 | Queue | Scout Cavalry |
| 21:43 | Queue | Villager (Male) |
| 21:45 | Build | Farm |
| 21:45 | Build | Farm |
| 21:49 | Research | Wheelbarrow |
| 22:19 | Queue | Villager (Male) |
| 22:23 | Build | Farm |
| 22:28 | Build | Farm |
| 22:28 | Queue | Villager (Male) |
| 22:36 | Queue | Scout Cavalry |
| 22:56 | Queue | Villager (Male) |
| 23:04 | Build | Farm |
| 23:04 | Build | Farm |
| 23:06 | Queue | Villager (Male) |
| 23:13 | Build | Blacksmith |
| 23:35 | Queue | Villager (Male) |
| 23:45 | Build | Mill |
| 23:50 | Queue | Villager (Male) |
| 23:51 | Build | Farm |
| 23:51 | Build | Farm |
| 23:52 | Queue | Villager (Male) |
| 24:17 | Queue | Villager (Male) |
| 24:27 | Build | Market |
| 24:40 | Build | Farm |
| 24:43 | Queue | Villager (Male) |
| 24:49 | Build | Farm |
| 24:50 | Build | Farm |
| 24:50 | Queue | Villager (Male) |
| 25:02 | Queue | Villager (Male) |
| 25:22 | Queue | Scout Cavalry |
| 25:27 | Research | Forging |
| 25:42 | Queue | Villager (Male) |
| 26:02 | Queue | Villager (Male) |
| 26:37 | Queue | Scout Cavalry |
| 26:54 | Build | Stable |
| 27:28 | Research | Scale Barding Armor |
| 27:38 | Build | Mill |
| 27:44 | Build | Farm |
| 27:44 | Build | Farm |
| 27:45 | Build | Farm |
| 27:45 | Build | Farm |
| 27:47 | Build | Watch Tower |
| 27:53 | Build | Palisade Gate |
| 27:56 | Queue | Scout Cavalry |
| 28:09 | Build | Farm |
| 28:14 | Queue | Scout Cavalry |
| 28:21 | Queue | Scout Cavalry |
| 28:25 | Research | Bloodlines |
| 28:35 | Build | House |
| 28:52 | Queue | Villager (Male) |
| 28:56 | Queue | Scout Cavalry |
| 29:07 | Queue | Scout Cavalry |
| 29:20 | Queue | Villager (Male) |
| 29:33 | Queue | Scout Cavalry |
| 29:45 | Queue | Scout Cavalry |
| 29:59 | Build | House |
| 30:06 | Queue | Villager (Male) |
| 30:15 | Queue | Scout Cavalry |
| 30:16 | Queue | Scout Cavalry |
| 30:23 | Queue | Scout Cavalry |
| 30:36 | Queue | Scout Cavalry ×5 |
| 30:40 | Queue | Scout Cavalry |
Build order — yoselibero
122 actions detected in the replay
| 0:02 | Build | House |
| 0:04 | Build | House |
| 0:10 | Queue | Villager (Male) |
| 0:10 | Queue | Villager (Male) |
| 0:10 | Queue | Villager (Male) |
| 0:18 | Queue | Villager (Male) |
| 0:18 | Queue | Villager (Male) |
| 1:30 | Queue | Villager (Male) |
| 2:13 | Queue | Villager (Male) |
| 2:13 | Queue | Villager (Male) |
| 2:19 | Build | Lumber Camp |
| 2:22 | Queue | Villager (Male) |
| 2:48 | Queue | Villager (Male) |
| 3:02 | Queue | Villager (Male) |
| 3:25 | Queue | Villager (Male) |
| 3:45 | Queue | Villager (Male) |
| 3:55 | Build | House |
| 4:21 | Queue | Villager (Male) |
| 4:29 | Build | Palisade Wall |
| 4:30 | Build | Palisade Wall |
| 4:30 | Build | Palisade Wall |
| 4:54 | Build | Palisade Wall |
| 4:55 | Build | Palisade Wall |
| 4:55 | Build | Palisade Wall |
| 4:59 | Queue | Villager (Male) |
| 5:10 | Queue | Villager (Male) |
| 5:15 | Research | Loom |
| 5:29 | Queue | Villager (Male) |
| 6:02 | Build | Mining Camp |
| 7:21 | Research | Feudal Age |
| 9:31 | Age | Feudal Age |
| 9:52 | Build | Watch Tower |
| 10:44 | Research | Double-Bit Axe |
| 10:59 | Build | Mining Camp |
| 11:26 | Research | Stone Mining |
| 13:37 | Build | Lumber Camp |
| 14:38 | Build | Town Center |
| 15:31 | Queue | Villager (Male) |
| 15:31 | Queue | Villager (Male) |
| 15:32 | Queue | Villager (Male) |
| 15:32 | Queue | Villager (Male) |
| 15:32 | Queue | Villager (Male) |
| 15:32 | Queue | Villager (Male) |
| 15:33 | Queue | Villager (Male) |
| 15:58 | Research | Double-Bit Axe |
| 16:24 | Build | Mining Camp |
| 16:46 | Queue | Villager (Male) |
| 17:53 | Build | Blacksmith |
| 18:07 | Build | House |
| 18:52 | Build | Barracks |
| 19:04 | Build | House |
| 19:07 | Queue | Villager (Male) |
| 19:07 | Queue | Villager (Male) |
| 19:32 | Queue | Villager (Male) |
| 19:46 | Build | House |
| 20:03 | Queue | Villager (Male) |
| 20:20 | Build | House |
| 20:33 | Build | Archery Range |
| 20:34 | Queue | Villager (Male) |
| 20:59 | Build | Watch Tower |
| 21:07 | Queue | Villager (Male) |
| 21:07 | Queue | Villager (Male) |
| 21:22 | Build | Mining Camp |
| 21:43 | Queue | Archer |
| 21:53 | Queue | Villager (Male) |
| 21:53 | Queue | Villager (Male) |
| 21:53 | Queue | Villager (Male) |
| 21:53 | Queue | Villager (Male) |
| 22:20 | Build | Lumber Camp |
| 22:27 | Queue | Villager (Male) |
| 22:39 | Queue | Archer |
| 22:41 | Queue | Villager (Male) |
| 22:50 | Queue | Spearman |
| 22:55 | Build | House |
| 22:56 | Build | House |
| 23:23 | Build | Mill |
| 23:28 | Queue | Archer |
| 23:42 | Build | House |
| 23:54 | Queue | Archer |
| 24:07 | Build | House |
| 24:09 | Queue | Villager (Male) |
| 24:16 | Build | Farm |
| 24:23 | Build | Mill |
| 24:30 | Queue | Villager (Male) |
| 24:37 | Queue | Archer |
| 24:43 | Research | Fletching |
| 24:47 | Build | Farm |
| 24:54 | Build | House |
| 25:08 | Queue | Archer |
| 25:38 | Queue | Villager (Male) |
| 25:39 | Queue | Villager (Male) |
| 25:47 | Build | Farm |
| 25:55 | Queue | Archer |
| 26:26 | Queue | Villager (Male) |
| 26:26 | Queue | Villager (Male) |
| 26:26 | Queue | Villager (Male) |
| 26:29 | Build | Farm |
| 26:34 | Queue | Archer |
| 27:18 | Queue | Villager (Male) |
| 27:18 | Queue | Villager (Male) |
| 27:19 | Queue | Villager (Male) |
| 27:22 | Queue | Archer |
| 27:23 | Queue | Archer |
| 27:40 | Queue | Villager (Male) |
| 27:40 | Queue | Villager (Male) |
| 27:40 | Queue | Villager (Male) |
| 27:45 | Build | Farm |
| 27:49 | Build | Mining Camp |
| 28:17 | Queue | Villager (Male) |
| 28:17 | Queue | Villager (Male) |
| 28:21 | Build | Farm |
| 28:23 | Build | Farm |
| 28:25 | Queue | Spearman |
| 28:25 | Queue | Spearman |
| 28:56 | Queue | Villager (Male) |
| 29:05 | Build | Watch Tower |
| 29:34 | Build | Watch Tower |
| 29:49 | Build | House |
| 29:50 | Build | House |
| 29:51 | Build | House |
| 29:55 | Build | Mining Camp |
| 30:06 | Queue | Villager (Male) |
Match timeline
| 4:29 | yoselibero · wall_segment Palisade Wall x1 |
| 4:30 | yoselibero · wall_segment Palisade Wall x1 |
| 4:30 | yoselibero · wall_segment Palisade Wall x1 |
| 4:54 | yoselibero · wall_segment Palisade Wall x1 |
| 4:55 | yoselibero · wall_segment Palisade Wall x1 |
| 4:55 | yoselibero · wall_segment Palisade Wall x1 |
| 7:36 | Sir_Malmsteen · wall_segment Palisade Wall x1 |
| 7:37 | Sir_Malmsteen · wall_segment Palisade Wall x1 |
| 7:38 | Sir_Malmsteen · wall_segment Palisade Wall x1 |
| 7:38 | Sir_Malmsteen · wall_segment Palisade Wall x1 |
| 8:43 | Sir_Malmsteen · wall_segment Palisade Wall x1 |
| 9:31 | yoselibero · age_up feudal |
| 11:40 | Sir_Malmsteen · wall_segment Palisade Wall x1 |
| 11:43 | Sir_Malmsteen · wall_segment Palisade Wall x1 |
| 12:50 | Sir_Malmsteen · wall_segment Palisade Wall x1 |
| 14:00 | Sir_Malmsteen · wall_segment Palisade Wall x1 |
| 14:03 | Sir_Malmsteen · wall_segment Palisade Wall x1 |
| 14:04 | Sir_Malmsteen · wall_segment Palisade Wall x1 |
| 18:07 | Sir_Malmsteen · first_building Barracks |
| 18:52 | yoselibero · first_building Barracks |
| 19:16 | Sir_Malmsteen · age_up feudal |
| 20:33 | yoselibero · first_building Archery Range |
| 20:39 | Sir_Malmsteen · first_building Stable |
| 25:46 | Sir_Malmsteen · first_market_sell 100 wood |
| 25:47 | Sir_Malmsteen · first_market_buy 100 food |
| 31:17 | yoselibero · resign |
[ AI ANALYSIS · 1 CREDIT ]
What really happened in this match?
Wolo.gg analyzes every decision: build order, eco, micro, common mistakes by bracket. Personalized analysis on WhatsApp or Discord in 30 seconds.
Civ guide
Persians
Perfil
Jugador #6376043